 Dungeon Crawl Stone Soup version 0.29.1-1-gd02db69 (webtiles) character file.

Game seed: 17792444731221602671

34 Kel the Chopper (level 3, -6/23 HPs)
             Began as a Gargoyle Berserker on Nov 27, 2022.
             Was a Follower of Trog.
             Mangled by a worm (9 damage)
             ... on level 2 of the Dungeon.
             The game lasted 00:01:36 (1681 turns).

Kel the Chopper (Gargoyle Berserker)                Turns: 1681, Time: 00:01:36

Health: -6/23      AC:  8    Str: 22    XL:     3   Next: 31%
Magic:  3/3        EV: 11    Int:  7    God:    Trog [*.....]
Gold:   40         SH:  0    Dex:  9    Spells: 2/2 levels left

rFire   . . .      SeeInvis .   a - +0 hand axe
rCold   . . .      Faith    .   (no shield)
rNeg    + . .      Spirit   .   c - +0 ring mail
rPois   ∞          Reflect  .   (no helmet)
rElec   +          Harm     .   (no cloak)
rCorr   .          Rampage  .   (no gloves)
Will    .....                   (no boots)
Stlth   ..........              (no amulet)
HPRegen 0.07/turn               (no ring)
MPRegen 0.08/turn               (no ring)

@: on berserk cooldown, slowed, very slow
A: sickness immunity, AC +3, negative energy resistance 1, electricity
resistance, torment resistance 1, petrification resistance
a: Renounce Religion, Berserk


You were on level 2 of the Dungeon.
You worshipped Trog.
Trog was aware of your devotion.
You visited 1 branch of the dungeon, and saw 2 of its levels.

You collected 40 gold pieces.

Inventory:

Hand Weapons
 a - a +0 hand axe (weapon)
Armour
 c - a +0 ring mail (worn)
Scrolls
 d - 2 scrolls of fear {unknown}
 e - a scroll of enchant weapon {unknown}
 f - a scroll of teleportation {unknown}
 g - a scroll of brand weapon {unknown}
 h - 2 scrolls of identify {unknown}
 i - a scroll of enchant armour {unknown}
 j - a scroll of noise {unknown}
Potions
 b - a potion of degeneration {unknown}


   Skills:
 - Level 3.2 Fighting
 + Level 3.9 Axes
 - Level 2.1 Armour
 - Level 1.5 Dodging


You had 2 spell levels left.
You didn't know any spells.
Your spell library was empty.

Dungeon Overview and Level Annotations

Branches:
Dungeon (2/15)

Altars:

Annotations:
D:2 Terence


Innate Abilities, Weirdness & Mutations

You are immune to sickness and miasma.
Your stone body is resilient. (AC +3)
You are immune to poison.
You resist negative energy. (rN+)
You are resistant to electric shocks. (rElec)
You are resistant to unholy torment.
You are immune to petrification.


Message History

The jackal is moderately wounded.
The jackal barely misses you.
You barely miss the jackal.
The jackal is moderately wounded.
The jackal barely misses you.
You barely miss the jackal.
The jackal is moderately wounded.
The jackal bites you but does no damage.
You slash the jackal!
You kill the jackal!
Trog accepts your kill.
You barely miss the jackal.
The jackal is severely wounded.
The jackal barely misses you.
You slash the jackal!
You kill the jackal!
Trog accepts your kill.
You slash the jackal!
You kill the jackal!
Trog accepts your kill. Terence hits you with a +0 hand axe!
* * * LOW HITPOINT WARNING * * *
The worm bites you.
* * * LOW HITPOINT WARNING * * *
Things that are here:
a jackal corpse; a jackal corpse You barely miss the worm.
You hit Terence.
You are no longer berserk.
You are exhausted.
You feel yourself slow down. Terence barely misses you.
You hit Terence but do no damage.
Terence is moderately wounded.
You hit the worm but do no damage. Terence hits you but does no damage.
The worm closely misses you.
You hit Terence but do no damage.
Terence is moderately wounded.
You hit the worm. Terence closely misses you.
A kobold comes into view. It is wielding a +0 club.
Terence misses you. The worm bites you!
You die...

# #.......:
#...#.## #
#.(#####.
#..###.##
###..#####.##.##
##.##
##>........#.##
##.#
##...########.#
##.## ##...#...
..###.##
..........
#.#.##
##.#####.. #.##
##.# #@# #.#
.......w@.# #.#
####......# #..
#..#.#.# #.#
#....... .#
##.#.#K## . ...
# # ###


You could see Terence, a worm and a kobold (wandering).

Vanquished Creatures
  An adder (D:2)
  3 ball pythons
  2 bats (D:1)
  3 endoplasms
  3 giant cockroaches (D:1)
  A goblin (D:1)
  4 jackals (D:2)
  A quokka (D:1)
  A kobold (D:1)
  4 rats
23 creatures vanquished.

Notes
Turn   | Place    | Note
-------+----------+-------------------------------------------
     0 | D:1      | Kel the Gargoyle Berserker began the quest for the Orb.
     0 | D:1      | Reached XP level 1. HP: 14/14 MP: 1/1
   497 | D:1      | Reached XP level 2. HP: 10/19 MP: 2/2
  1588 | D:2      | Reached XP level 3. HP: 23/23 MP: 3/3
  1667 | D:2      | Noticed Terence
  1681 | D:2      | Mangled by a worm

Illustrated notes

Levels and vault maps discovered:
D:1:      dpeg_arrival_pond, layout_basic, serial_bayou_crossing
D:2:      layout_loops_ring, ebering_ecumenical_altar_petrified, uniq_terence

Skill      XL: |  1 |
---------------+----+-----
Axes           | 3 |  3.9
Fighting       | |  3.2
Armour         | |  2.1
Dodging        | |  1.5

Action                   || total
-------------------------++-------
Melee: Hand axe          ||    73
Invok: Berserk           ||     1
Armor: Animal skin       ||    19
       Ring mail         ||    13
Dodge: Dodged            ||    55
